 Dungeon Crawl Stone Soup version 0.30-a0-553-g7fabdf1491 (webtiles) character file.

Game seed: 14772028764084862467

119 greasedhog the Trooper (level 5, -17/43 HPs)
             Began as a Merfolk Fighter on Dec 26, 2022.
             Demolished by an ogre
             ... wielding a +0 giant spiked club
              (22 damage)
             ... on level 3 of the Dungeon.
             The game lasted 00:02:08 (2140 turns).

greasedhog the Trooper (Merfolk Fighter)            Turns: 2140, Time: 00:02:09

Health: -17/43     AC:  3    Str: 22    XL:     5   Next: 3%
Magic:  5/5        EV: 16    Int:  7    God:
Gold:   127        SH:  6    Dex: 16    Spells: 4/4 levels left

rFire   . . .      SeeInvis .    e - +1 short sword (elec)
rCold   . . .      Faith    .    c - +1 buckler
rNeg    . . .      Spirit   .    o - +0 leather armour
rPois   .          Reflect  .    (no helmet)
rElec   .          Harm     .    (no cloak)
rCorr   .          Rampage  .    (no gloves)
Will    .....                    (no boots)
Stlth   +                        (no amulet)
HPRegen 0.27/turn                f - +6 ring of strength
MPRegen 0.09/turn                g - +4 ring of evasion

@: no status effects
A: (nimble swimmer 2), mertail
a: no special abilities


You were on level 3 of the Dungeon.
You visited 1 branch of the dungeon, and saw 4 of its levels.

You collected 127 gold pieces.

Inventory:

Hand Weapons
 a - a +0 long sword
 e - a +1 short sword of electrocution (weapon)
 m - a +0 scimitar
Armour
 c - a +1 buckler (worn)
 o - a +0 leather armour (worn)
Jewellery
 f - a +6 ring of strength (left hand)
 g - a +4 ring of evasion (right hand)
Scrolls
 h - a scroll of immolation
 i - 4 scrolls of teleportation
 j - a scroll of enchant armour
 n - 2 scrolls of magic mapping {unknown}
Potions
 d - a potion of might
 k - 3 potions of haste
 l - 2 potions of curing


   Skills:
 * Level 4.4 Fighting
 * Level 4.0 Long Blades
 - Level 2.1 Armour
 * Level 3.1 Dodging
 - Level 3.0 Shields


You had 4 spell levels left.
You didn't know any spells.
Your spell library contained the following spells:

 Spells                   Type           Power      Damage    Failure   Level
 Ozocubu's Armour         Ice            0%         N/A       91%         3
 Yara's Violent Unravell  Hex/Tmut       0%         3d3       100%        5
 Enfeeble                 Hex            0%         N/A       100%        7
 Ozocubu's Refrigeration  Ice            0%         4d7       100%        7


Dungeon Overview and Level Annotations

Branches:
Dungeon (4/15)
 Temple: D:4-7

Altars:
Dithmenos
Gozag
Trog


Innate Abilities, Weirdness & Mutations

((You are very nimble when in or above water. (Stealth+, EV+, Speed+++)))
Your lower body shifts to a powerful aquatic tail in water.


Message History

No target in view!
No target in view!
No target in view!
No target in view!
Done exploring.
Done exploring.
Done exploring.
(D) Dungeon
Where to? (Enter - D:3 @ (x,y), ? - help)
What level of the Dungeon? (default 1, ? - help)
There is an open door here.
There is an open door here.
There is a stone staircase leading down here.
You climb downwards.
There is a stone staircase leading up here.
An ogre is nearby!
A sky beast comes into view.
The ogre shouts!
The sky beast moves out of view.
No target in view!
Found 14 gold pieces.
Found a stone staircase leading down.
An orc wizard comes into view. It is wielding a +0 dagger.
There is a stone staircase leading up here.
You hit the ogre.
The ogre is lightly wounded.
You barely miss the ogre.
The ogre is lightly wounded.
The ogre hits you with a +0 giant spiked club!!
Ouch! That really hurt!
The ogre hits you with a +0 giant spiked club!
* * * LOW HITPOINT WARNING * * *
You climb upwards.
There is a stone staircase leading down here.
You hit the ogre.
The ogre is lightly wounded.
You hit the ogre.
The ogre is moderately wounded.
The ogre hits you with a +0 giant spiked club!!
Ouch! That really hurt!
You die...

######### ##.#.#.#.## #.........#
##.......## ### #.........#######
).# ###.......##.....#
..########......@...#.....#######
...........#.....O.#......'......
..########..........#.....#######
..# ###.#.#.#.##.....# #### ###
####..##.#.....# #...
###############.###.####### #...
.....................#########...
###.###############..............
# #.# #..#########...


You could see an ogre.

Vanquished Creatures
  An orc priest (D:3)
  3 adders (D:3)
  A worm (D:2)
  6 orcs (D:3)
  5 ball pythons
  6 bats
  5 endoplasms
  A giant cockroach (D:1)
  2 goblins
  6 hobgoblins
  3 jackals (D:2)
  3 quokkas
  4 frilled lizards
  A kobold (D:3)
  4 rats
51 creatures vanquished.

Notes
Turn   | Place    | Note
-------+----------+-------------------------------------------
     0 | D:1      | greasedhog the Merfolk Fighter began the quest for the Orb.
     0 | D:1      | Reached XP level 1. HP: 18/18 MP: 1/1
    74 | D:1      | Reached skill level 1 in Dodging
    74 | D:1      | Reached XP level 2. HP: 24/24 MP: 2/2
   617 | D:2      | Reached XP level 3. HP: 29/30 MP: 3/3
  1433 | D:3      | Reached XP level 4. HP: 29/37 MP: 4/4
  1797 | D:3      | Reached XP level 5. HP: 43/43 MP: 5/5
  1825 | D:3      | Found a shadowy altar of Dithmenos.
  1827 | D:3      | Found an opulent altar of Gozag.
  1827 | D:3      | Found a bloodstained altar of Trog.
  2128 | D:4      | Noticed an ogre
  2129 | D:4      | Noticed a sky beast
  2140 | D:3      | Demolished by an ogre

Illustrated notes

Levels and vault maps discovered:
D:1:      minmay_arrival_jagged, layout_rooms
D:2:      layout_basic, serial_glass, glass_columns_b, glass_columns_c,
          glass_columns_a, glass_columns_a, minmay_strange_pillars,
          minmay_strange_pillars
D:3:      layout_basic, chequers_temple_overflow_statue_of_worship, st_stairs_4
D:4:      layout_basic, minmay_temple_entry_grid, serial_rivers,
          chequers_serial_rivers_micro_d, chequers_serial_rivers_small_3,
          chequers_serial_rivers_small_3, chequers_serial_rivers_micro_b,
          chequers_serial_rivers_large_a, minmay_manual_monolith

Skill      XL: |  1  2  3  4 |
---------------+-------------+-----
Dodging        | 1 2 3 |  3.1
Long Blades    | 3 4 |  4.0
Fighting       | 4 |  4.4
Armour         | |  2.1
Shields        | |  3.0

Action                   |  1- 3 |  4- 6 || total
-------------------------+-------+-------++-------
Melee: Short sword       |   110 |    52 ||   162
  Use: Scroll            |       |     5 ||     5
 Stab: Sleeping          |       |     1 ||     1
Armor: Scale mail        |    26 |    13 ||    39
Dodge: Dodged            |    51 |    24 ||    75
Block: Buckler           |    22 |     8 ||    30

Table legend: (Time is in decaauts)
 A = Elapsed time spent in this place.
 B = Non-inter-level travel time spent in this place.
 C = Inter-level travel time spent in this place.
 D = Time resting spent in this place.
 E = Time spent auto-exploring this place.
 F = Levels seen in this place.
 G = Mean time per level.
                   A        B        C        D        E       F      G
               +--------+--------+--------+--------+--------+-----+--------+
         Total |   2128 |   1983 |    145 |      0 |   1655 |   4 |  532.0 |
       Dungeon |   2128 |   1983 |    145 |      0 |   1655 |   4 |  532.0 |
               +--------+--------+--------+--------+--------+-----+--------+

Top non-repeatable levels by time:
     D:2: 888 daAuts
     D:3: 766 daAuts
     D:1: 464 daAuts
     D:4: 9 daAuts
